 Dungeon Crawl Stone Soup version 0.19.1 (webtiles) character file.

65505 Ladykiller69 the Severer (level 15, -18/120 HPs)
             Began as a Formicid Fighter on Dec 23, 2016.
             Was the Champion of Cheibriados.
             Killed from afar by Josephine (26 damage)
             ... with a ghostly fireball
             ... on level 1 of the Orcish Mines.
             The game lasted 01:03:53 (24840 turns).

Ladykiller69 the Severer (Formicid Fighter)        Turns: 24840, Time: 01:03:53

Health: -18/120    AC: 13    Str: 36      XL:     15   Next: 58%
Magic:  11/22      EV: 24    Int: 28 (29) God:    Cheibriados [******]
Gold:   1396       SH: 16    Dex: 25      Spells: 0 memorised, 14 levels left

rFire  + . .     SeeInvis +     a - +2 battleaxe
rCold  . . .     Gourm    .     T - +1 ring mail {MR+}
rNeg   . . .     Faith    .     c - +0 shield
rPois  .         Spirit   .     (helmet unavailable)
rElec  .         Reflect  +     b - +2 cloak {+Inv}
rCorr  .         Harm     .     (no gloves)
MR     ++...     Clarity  +     X - +0 pair of boots
Stlth  +.........               C - +2 amulet of reflection
                                (no ring)
                                V - +5 ring of evasion

@: lethally poisoned (-18 -> -19), drained, very slow
A: permanent stasis, dig shafts and tunnels, four strong arms, antennae 3,
blurry vision 1, clarity, deterioration 1, fire resistance 1
a: Dig, Shaft Self, Bend Time, Temporal Distortion, Slouch, Step From Time,
Renounce Religion, Evoke Invisibility


You were on level 1 of the Orcish Mines.
You worshipped Cheibriados.
Cheibriados was exalted by your worship.
You were not hungry.

You visited 4 branches of the dungeon, and saw 21 of its levels.
You also visited: Sewer and Ossuary.

You collected 1396 gold pieces.

Inventory:

Hand Weapons
 a - a +2 battleaxe (weapon)
 w - a +0 arbalest
 D - a +4 scimitar of flaming
 E - a +0 war axe
Missiles
 h - 5 tomahawks of returning (quivered)
 G - 28 tomahawks
 H - 6 throwing nets
 L - 117 bolts
Armour
 b - a +2 cloak of invisibility (worn)
 c - a +0 shield (worn)
 T - a +1 ring mail of magic resistance (worn)
 X - a +0 pair of boots (worn)
Jewellery
 d - an uncursed ring of fire
 f - an uncursed ring of flight
 C - a +2 amulet of reflection (around neck)
 F - an uncursed ring of ice
 V - a +5 ring of evasion (left hand)
Wands
 Y - a wand of digging (14/24)
Scrolls
 e - 5 scrolls of remove curse
 n - 5 scrolls of enchant armour
 r - 3 scrolls of identify
 t - 7 scrolls of amnesia
 x - 4 scrolls of immolation
 y - 2 scrolls of enchant weapon
 z - a scroll of holy word
 K - 5 scrolls of magic mapping
 M - a scroll of acquirement {unknown}
 N - a scroll of brand weapon
 O - 3 scrolls of fear
 P - a scroll of fog
 R - 2 scrolls of recharging
Potions
 g - 4 potions of flight
 i - 5 potions of brilliance
 j - a potion of agility
 k - 2 potions of invisibility
 l - 7 potions of curing
 o - a potion of resistance
 q - 4 potions of heal wounds
 u - a potion of ambrosia
 A - 2 potions of cancellation
 J - 5 potions of magic
 Q - 2 potions of cure mutation
 U - 2 potions of lignification
 W - a potion of might
Books
 S - a book of Party Tricks

   Spells                             Type                      Level
   a - Summon Butterflies             Summoning                    1
   b - Apportation                    Translocation                1
   c - Lesser Beckoning               Translocation                3
   d - Tukima's Dance                 Hexes                        3
   e - Alistair's Intoxication        Transmutation/Poison         5
   f - Invisibility                   Hexes                        6
 Z - a book of Minor Magic

   Spells                             Type                      Level
   a - Magic Dart                     Conjuration                  1
   b - Blink                          Translocation                2
   c - Call Imp                       Summoning                    2
   d - Repel Missiles                 Charms/Air                   2
   e - Slow                           Hexes                        2
   f - Conjure Flame                  Conjuration/Fire             3
   g - Mephitic Cloud                 Conjuration/Poison/Air       3
Miscellaneous
 p - a phantom mirror
Comestibles
 m - 11 beef jerkies
 s - 8 meat rations
 v - 5 fruits
 B - 9 bread rations
 I - a royal jelly


   Skills:
 + Level 11.7(11.0) Fighting
 * Level 16.2(15.4) Axes
 + Level 11.9(11.2) Armour
 + Level 8.8(8.1) Dodging
 - Level 9.2(8.5) Shields
 + Level 9.8(9.2) Invocations


You had 14 spell levels left.
You didn't know any spells.

Dungeon Overview and Level Annotations

Branches:
Dungeon (13/15)            Temple (1/1) D:6            Lair (6/6) D:8
  Swamp (0/4) Lair:3       Spider (0/4) Lair:3          Orc (1/2) D:9
 Vaults (0/5) D:13
  Slime: Lair:5-6

Altars:
Ashenzari
Cheibriados
Dithmenos
Fedhas
Gozag
Kikubaaqudgha
Makhleb
Nemelex Xobeh
Okawaru
Qazlal
Ru
Sif Muna
Trog
Uskayaw
Vehumet
Xom
Yredelemnul
Zin
The Shining One

Shops:
D:5 %   D:6 *   D:11 [   D:12 [   Orc:1 %(

Annotations:
Lair:6 exclusion: 2 oklob plants
Orc:1 Josephine


Innate Abilities, Weirdness & Mutations

You are under a permanent stasis effect.
You can dig through walls and to a lower floor.
Your four strong arms can wield two-handed weapons with a shield.
You have a pair of large antennae on your head. (SInv)
Scrolls take you a little longer to read.
You possess an exceptional clarity of mind.
Your body sometimes deteriorates upon taking damage.
Your flesh is heat resistant. (rF+)


Message History

* * * LOW HITPOINT WARNING * * *
You step out of the flow of time.
You return to the normal time flow.
You feel somewhat more hungry.
An orc comes into view. It is wielding a short sword.
The orc shouts!
You feel sick.
Things that are here:
a dagger; a robe; an orc corpse You feel sick.
Josephine shouts!
You block the orc's attack. The orc misses you.
An orc wizard comes into view. It is wielding a dagger.
There is a staircase back to the Dungeon, spattered with blood here.
You see here a warg skeleton.
The gnoll shouts!
You block the orc's attack.
Josephine laughs insanely.
Josephine gestures at you while chanting.
The ghostly flame explodes!
The ghostly fireball engulfs you!
You feel drained.
You die...

... .#... { ...#.
### # .....##.##
..
#.......####.##
#..#.........
##....))......
.###.....)).o....
.>....>@)))...$∩#
...........#.#...
>.....$.oW..∩.. .
..........W#@#...
.................
...........g..##@
..#...$...#o.##
....$.........


You could see Josephine, 2 wraiths, an orc wizard (wandering), a gnoll and 2
orcs.

Vanquished Creatures
  The ghost of Thomus the Severer, a journeyman HOFi of Okawaru (D:12)
  A catoblepas (Lair:2)
  Erolcha (D:11)
  6 hydras
  Erica (D:8)
  A centaur warrior (D:12)
  2 fire crabs
  A deep elf knight (D:13)
  5 skeletal warriors
  Pikel (D:7)
  The ghost of appiemonkey the Cleaver, a novice MiFi (D:6)
  8 hill giants
  4 deep elf magi (D:13)
  A wolf spider (Lair:3)
  3 manticores
  2 ugly things
  5 elephants (Lair:6)
  A black mamba (Lair:2)
  Joseph (D:8)
  30 spiny frogs
  3 rime drakes
  5 komodo dragons
  3 yaktaurs (D:13)
  A troll (D:13)
  Prince Ribbit (D:8)
  3 polar bears
  A jumping spider (Lair:3)
  3 two-headed ogres
  2 hornets
  Grinder (D:4)
  4 tyrant leeches (Lair:6)
  7 slime creatures (D:12)
  12 blink frogs
  7 hippogriffs
  A redback (Lair:3)
  Sigmund (D:3)
  2 wyverns
  4 wraiths
  34 yaks
  4 vampire mosquitoes (Lair:6)
  2 basilisks
  3 hungry ghosts
  4 swamp worms (Lair:3)
  A warg (Orc:1)
  12 water moccasins
  7 porcupines
  Duvessa (D:6)
  An ice beast (D:8)
  6 orc warriors
  Purgy (Sewer)
  2 sky beasts
  A black bear (Lair:1)
  4 phantoms
  5 necrophages
  4 ogres
  5 wolves (Lair:6)
  15 centaurs
  13 crocodiles
  An elf zombie (Ossuary)
  5 big kobolds
  Blork the orc (D:4)
  23 bullfrogs
  A wyvern skeleton (D:12)
  Dowan (D:6)
  7 scorpions
  15 killer bees
  3 wights (D:11)
  5 electric eels
  3 vampire bats (Lair:6)
  3 howler monkeys
  7 crimson imps
  10 hounds
  A human zombie (Ossuary)
  2 quasits
  7 centaur skeletons
  5 centaur zombies
  7 orc priests
  A jelly (D:9)
  4 bullfrog skeletons
  Jessica (D:2)
  Terence (D:2)
  8 iguanas
  Natasha (thrice) (D:2)
  22 orc wizards
  14 worker ants
  A big kobold zombie (Ossuary)
  A hound skeleton (D:4)
  2 mummies (Ossuary)
  A worker ant zombie (D:6)
  10 gnolls
  2 howler monkey skeletons
  21 adders
  3 shadow imps
  2 oozes
  2 adder skeletons
  5 worms
  8 leopard geckos
  52 orcs
  15 giant cockroaches
  13 goblins
  7 hobgoblins
  15 jackals
  7 quokkas
  A ball python (Sewer)
  12 bats
  8 frilled lizards
  5 goblin zombies (Ossuary)
  10 hobgoblin zombies (Ossuary)
  25 kobolds
  10 kobold zombies (Ossuary)
  7 orc zombies (Ossuary)
  A quokka zombie (D:9)
  15 rats
  2 fungi
  2 plants (Lair:6)
688 creatures vanquished.

Vanquished Creatures (others)
  2 centaurs
  A crocodile (Lair:6)
  A killer bee (D:7)
  2 orc wizards (D:7)
  A hound zombie (D:7)
  An adder (D:7)
  2 orcs (D:7)
  A quokka (D:7)
  8 fungi
  46 plants
65 creatures vanquished.

Grand Total: 753 creatures vanquished

Notes
Turn   | Place    | Note
-------+----------+-------------------------------------------
     0 | D:1      | Ladykiller69 the Formicid Fighter began the quest for the Orb.
     0 | D:1      | Reached XP level 1. HP: 18/18 MP: 1/1
   236 | D:1      | Reached XP level 2. HP: 22/24 MP: 2/2
   676 | D:1      | Reached XP level 3. HP: 29/29 MP: 3/3
  1103 | D:2      | Reached skill level 3 in Axes
  1418 | D:2      | Reached XP level 4. HP: 33/35 MP: 4/4
  1431 | D:2      | Noticed Terence
  1458 | D:2      | Killed Terence
  1578 | D:2      | Noticed Jessica
  1579 | D:2      | Reached XP level 5. HP: 38/42 MP: 5/5
  1583 | D:2      | Killed Jessica
  1807 | D:2      | Noticed Natasha
  1822 | D:2      | Killed Natasha
  1873 | D:2      | Noticed Natasha
  1882 | D:2      | Killed Natasha
  1882 | D:2      | Reached skill level 4 in Axes
  1882 | D:2      | Reached XP level 6. HP: 25/48 MP: 6/6
  2049 | D:2      | Noticed Natasha
  2061 | D:2      | Killed Natasha
  2138 | D:3      | Noticed Sigmund
  2179 | D:3      | Killed Sigmund
  2179 | D:3      | Reached skill level 5 in Shields
  2179 | D:3      | Reached XP level 7. HP: 44/55 MP: 7/7
  2516 | D:3      | Reached skill level 5 in Axes
  3115 | D:4      | Noticed Grinder
  3155 | D:4      | Killed Grinder
  3155 | D:4      | Reached skill level 5 in Armour
  3291 | D:4      | Found a sand-covered staircase.
  3297 | Ossuary  | Entered an ossuary
  3627 | Ossuary  | Reached skill level 5 in Fighting
  3627 | Ossuary  | Reached XP level 8. HP: 57/62 MP: 8/8
  3733 | Ossuary  | Reached skill level 6 in Axes
  4037 | D:4      | Noticed Blork the orc
  4049 | D:4      | Killed Blork the orc
  4625 | D:4      | Found a burning altar of Makhleb.
  4651 | D:5      | Entered Level 5 of the Dungeon
  4669 | D:5      | Found an opulent altar of Gozag.
  4702 | D:5      | Found a glowing drain.
  4757 | Sewer    | Entered a sewer
  4865 | Sewer    | Noticed Purgy
  4874 | Sewer    | Killed Purgy
  4875 | Sewer    | Reached skill level 7 in Axes
  5013 | D:5      | Reached XP level 9. HP: 69/69 MP: 9/9
  5077 | D:5      | Found Teseh's Food Emporium.
  5545 | D:5      | Found a stormy altar of Qazlal.
  5681 | D:6      | Reached skill level 8 in Axes
  6002 | D:6      | Found a glowing silver altar of Zin.
  6014 | D:6      | Noticed appiemonkey's ghost (novice MiFi)
  6735 | D:6      | Found a staircase to the Ecumenical Temple.
  6745 | Temple   | Entered the Ecumenical Temple
  6757 | Temple   | Became a worshipper of Cheibriados the Contemplative
  6770 | D:6      | Found Mumepsef's Assorted Antiques.
  7236 | D:6      | Killed appiemonkey's ghost
  7236 | D:6      | Reached skill level 9 in Axes
  7384 | D:6      | Reached XP level 10. HP: 70/76 MP: 10/10
  7427 | D:6      | Noticed Dowan
  7442 | D:6      | Killed Dowan
  7463 | D:6      | Noticed Duvessa
  7475 | D:6      | Killed Duvessa
  7668 | D:6      | Found a glowing golden altar of the Shining One.
  7927 | D:7      | Found a sparkling altar of Nemelex Xobeh.
  7999 | D:7      | Noticed Pikel
  8025 | D:7      | Killed Pikel
  8025 | D:7      | Reached * piety under Cheibriados
  8025 | D:7      | Reached skill level 10 in Axes
  8058 | D:7      | Found a faded altar of an unknown god.
  8058 | D:7      | Found a faded altar of an unknown god.
  8064 | D:7      | Found a sparkling altar of Nemelex Xobeh.
  8066 | D:7      | Found a faded altar of an unknown god.
  8068 | D:7      | Found a faded altar of an unknown god.
  8562 | D:8      | Noticed Prince Ribbit
  8562 | D:8      | Noticed Joseph
  8596 | D:8      | Noticed Erica
  8612 | D:8      | Killed Erica
  8612 | D:8      | Reached skill level 1 in Dodging
  8686 | D:8      | HP: 2/77 [Joseph/uncursed quarterstaff of draining (7)]
  8701 | D:8      | Killed Joseph
  8998 | D:8      | Reached skill level 11 in Axes
  9043 | D:8      | Gained mutation: Your body sometimes deteriorates upon taking damage. [potion of mutation]
  9043 | D:8      | Gained mutation: You have sharp toenails. [potion of mutation]
  9043 | D:8      | Lost mutation: You have sharp toenails. [potion of mutation]
  9044 | D:8      | Gained mutation: You possess an exceptional clarity of mind. [potion of mutation]
  9044 | D:8      | Gained mutation: Your flesh is heat resistant. (rF+) [potion of mutation]
  9044 | D:8      | Gained mutation: Scrolls take you a little longer to read. [potion of mutation]
  9459 | D:8      | Killed Prince Ribbit
  9791 | D:8      | Reached XP level 11. HP: 67/83 MP: 11/11
 10197 | D:8      | Found a staircase to the Lair.
 10220 | D:8      | Reached ** piety under Cheibriados
 10634 | D:8      | Reached *** piety under Cheibriados
 11059 | D:9      | Noticed a hill giant
 11065 | D:10     | Entered Level 10 of the Dungeon
 11079 | D:10     | Noticed a hill giant
 11100 | D:10     | Killed a hill giant
 11116 | D:10     | Reached skill level 12 in Axes
 11132 | D:10     | Reached **** piety under Cheibriados
 12115 | D:11     | Noticed Erolcha
 12127 | D:11     | Killed Erolcha
 12167 | D:11     | Noticed a four-headed hydra
 12176 | D:11     | You fall through a shaft!
 12181 | D:12     | Reached XP level 12. HP: 73/92 MP: 12/12
 12185 | D:12     | Reached skill level 1 in Invocations
 12205 | D:12     | Noticed Thomus's ghost (journeyman HOFi)
 12448 | D:11     | Reached ***** piety under Cheibriados
 12719 | D:9      | Found a shadowy altar of Dithmenos.
 12730 | D:9      | Found an iron altar of Okawaru.
 12908 | D:9      | Found a sacrificial altar of Ru.
 13059 | D:9      | Found a staircase to the Orcish Mines.
 13325 | D:11     | Reached skill level 13 in Axes
 13326 | D:11     | Found Xyunilea's Antique Armour Boutique.
 13565 | D:11     | Reached skill level 5 in Dodging
 13795 | D:12     | Found Qed Heeff's Armour Boutique.
 14093 | D:12     | Noticed a skeletal warrior
 14095 | D:12     | Noticed a skeletal warrior
 14095 | D:12     | Noticed a skeletal warrior
 14105 | D:12     | Killed a skeletal warrior
 14110 | D:12     | Killed a skeletal warrior
 14114 | D:12     | Noticed a skeletal warrior
 14118 | D:12     | Killed a skeletal warrior
 14124 | D:12     | Killed a skeletal warrior
 14464 | D:12     | Noticed a centaur warrior
 14471 | D:12     | Killed a centaur warrior
 14535 | D:12     | Reached XP level 13. HP: 88/101 MP: 16/16
 14866 | D:12     | Killed Thomus's ghost
 15050 | D:12     | Reached skill level 5 in Invocations
 15542 | D:12     | Reached skill level 14 in Axes
 15576 | D:12     | Reached skill level 10 in Armour
 15729 | D:12     | Reached ****** piety under Cheibriados
 16327 | D:13     | Found a gate to the Vaults.
 16350 | D:13     | Reached skill level 10 in Fighting
 17050 | Lair:1   | Entered Level 1 of the Lair of Beasts
 17411 | Lair:1   | Reached XP level 14. HP: 110/110 MP: 19/19
 19153 | Lair:2   | Found a radiant altar of Vehumet.
 19369 | Lair:2   | Reached skill level 15 in Axes
 20207 | Lair:3   | Found a staircase to the Swamp.
 20268 | Lair:3   | Found a hole to the Spider Nest.
 22341 | Lair:6   | Entered Level 6 of the Lair of Beasts
 22371 | Lair:6   | HP: 5/113 [something (9)]
 22762 | Lair:6   | Found a shattered altar of Ashenzari.
 22771 | Lair:6   | Reached XP level 15. HP: 87/119 MP: 21/21
 23480 | Lair:6   | Reached skill level 16 in Axes
 24806 | Orc:1    | Entered Level 1 of the Orcish Mines
 24806 | Orc:1    | Found Orchofem's Food Shop.
 24807 | Orc:1    | Found Wotetila's Antique Weapon Shoppe.
 24825 | Orc:1    | Noticed Josephine
 24840 | Orc:1    | Killed from afar by Josephine

Skill      XL: |  1  2  3  4  5  6  7  8  9 10 11 12 13 14 15 |
---------------+----------------------------------------------+-----
Shields        | 4 5 6 8 9 |  9.2
Axes           | 3 4 5 7 9 11 12 13 14 15 16 | 16.2
Armour         | 4 5 6 8 9 10 11 | 11.9
Fighting       | 4 5 6 8 9 10 11 | 11.7
Dodging        | 2 4 5 6 8 |  8.8
Invocations    | 4 6 8 9 |  9.8

Action                   |  1- 3 |  4- 6 |  7- 9 | 10-12 | 13-15 || total
-------------------------+-------+-------+-------+-------+-------++-------
Melee: War axe           |   147 |   169 |   535 |   745 |       ||  1596
       Battleaxe         |       |       |       |   106 |   793 ||   899
       Scimitar          |       |       |       |       |    28 ||    28
 Fire: Arbalest          |       |       |       |       |    47 ||    47
Throw: Tomahawk          |       |       |       |       |     3 ||     3
Invok: Temporal Distorti |       |       |       |     1 |       ||     1
       Step From Time    |       |       |       |       |     3 ||     3
       Bend Time         |       |       |       |       |     1 ||     1
 Abil: Dig               |       |     2 |    12 |    27 |    11 ||    52
       Shaft Self        |       |       |       |     1 |       ||     1
Evoke: Wand              |       |       |     2 |     1 |       ||     3
  Use: Scroll            |       |       |     7 |     6 |    12 ||    25
       Potion            |       |       |     1 |    11 |     4 ||    16
 Stab: Invisible         |       |       |       |     1 |       ||     1
       Sleeping          |       |       |       |     1 |     2 ||     3
       Distracted        |       |       |       |       |     1 ||     1
  Eat: Chunk             |     2 |     3 |    13 |    18 |    16 ||    52
       Bread ration      |       |       |     2 |     1 |     1 ||     4
Armor: Scale mail        |    68 |    59 |   193 |    16 |       ||   336
       Ring mail         |       |       |       |   109 |   105 ||   214
Dodge: Dodged            |    59 |    46 |   141 |   309 |   557 ||  1112
Block: Shield            |    83 |    81 |   234 |   585 |   771 ||  1754
       Reflection        |       |       |       |    30 |     9 ||    39
       Rpst.: Scimitar   |       |       |       |       |     6 ||     6
